Map: Ultralove

Players

datail

  • Race: Terran Terran
  • League: Bronze
  • Spawn Location: 1:00

wootwoot - Winner!

  • Race: Terran Terran
  • League: Bronze
  • Spawn Location: 7:00

VOD

Have the link to the VOD?

Description

Time

  • Played on: April 1, 2025, 2:36 p.m.
  • Length: 3:47
Show
View Real Time Build Order
Export as new Build Order

datail Terran 

Build Orders:  

Get SALT Encoding   

  12  0:04  SCV  
  13  0:16  SCV  
  14  0:29  SCV  
  14  0:30  Supply Depot  
  15  0:36  Refinery  
  15  0:51  SCV  
  15  0:55  Engineering Bay  
  16  1:03  SCV  
  17  1:05  Supply Depot  
  17  1:15  SCV  
  18  1:27  SCV  
  18  1:31  Barracks  
  19  1:37  Refinery  
  19  1:48  Refinery x2  
  19  1:50  SCV  
  20  2:03  Missile Turret  
  20  2:19  Barracks Reactor  
  20  2:26  Bunker  
  19  2:30  SCV  
  19  2:32  Barracks  
  9  3:02  Planetary Fortress  
Show
View Real Time Build Order
Export as new Build Order

wootwoot Terran - Winner!

Build Orders:  

Get SALT Encoding   

  12  0:00  SCV  
  13  0:12  SCV  
  14  0:17  Supply Depot  
  14  0:24  SCV  
  14  0:28  Refinery  
  15  0:39  SCV  
  16  0:47  Barracks  
  16  0:51  SCV  
  17  1:05  Barracks  
  17  1:19  Barracks  
  17  1:27  Refinery  
  17  1:34  Reaper  
  18  1:50  Orbital Command  
  18  1:52  Reaper  
  19  2:01  Supply Depot  
  19  2:06  Reaper  
  20  2:09  Reaper  
  21  2:24  Reaper  
  21  2:27  SCV  
  23  2:38  Reaper  
  23  2:41  SCV, Reaper  
  26  2:53  SCV  
  26  2:56  Reaper  
  28  3:06  SCV  
  28  3:10  Reaper  
  30  3:13  Reaper  
  30  3:18  Supply Depot x2  
  31  3:25  Factory  
Tags
 
Matchup
TvT
Race
Terran
Replay Pack
B2M-Replays
Spawn Locations
Cross Positions
Add a new tag
Caveats
  • Supply blocks, unpowered buildings, or Contaminate may cause inaccurate times.
  • Supply counts are checked every 10 seconds.